 Dungeon Crawl Stone Soup version 0.31-a0-889-g1a8549509d (webtiles) character file.

Game seed: 13149972599020070080

515 croobank the Firebug (level 6, -9/50 HPs)
             Began as a Demigod Fire Elementalist on Oct 16, 2023.
             Mangled by Duvessa
             ... wielding a +2 short sword of protection
              (17 damage)
             ... on level 4 of the Dungeon.
             The game lasted 00:14:08 (5555 turns).

croobank the Firebug (Demigod Fire Elementalist)    Turns: 5555, Time: 00:14:09

Health: -9/50      AC:  6    Str:  9    XL:     6   Next: 67%
Magic:  2/12       EV: 13    Int: 25    God:
Gold:   328        SH:  0    Dex: 14    Spells: 7/10 levels left

rFire   . . .        a - +2 dagger (speed)
rCold   . . .        (no shield)
rNeg    . . .        x - +0 robe
rPois   .            (helmet currently unavailable)
rElec   .            (cloak currently unavailable)
rCorr   .            (gloves currently unavailable)
SInv    .            (boots currently unavailable)
Will    .....        l - amulet of regeneration
Stlth   ++           d - +4 ring of protection
HPRegen 1.08/turn    f - ring of wizardry
MPRegen 0.13/turn

%: wizardry (x1)
@: brilliant, beast-form
A: beast (slay +1), high MP 1, forlorn, divine attributes
a: Begin Untransformation


You were on level 4 of the Dungeon.
You were a hulking beast.
You visited 1 branch of the dungeon, and saw 4 of its levels.
You also visited: Sewer.

You collected 328 gold pieces.

Inventory:

Hand Weapons
 a - a +2 dagger of speed (weapon)
 h - a +1 dagger of electrocution
 m - a +0 long sword
Missiles
 g - 18 poisoned darts
 k - 8 boomerangs
 u - 5 datura-tipped darts
Armour
 q - a +0 pair of gloves
 x - a +0 robe (worn)
Magical Staves
 o - a staff of poison
Jewellery
 d - a +4 ring of protection (left hand)
 f - a ring of wizardry (right hand)
 l - an amulet of regeneration (around neck)
Talismans
 c - a beast talisman (active)
Wands
 v - a wand of paralysis (14)
Scrolls
 s - a scroll of identify
 t - a scroll of amnesia {unknown}
 w - a scroll of immolation {unknown}
 y - a scroll of fear {unknown}
Potions
 b - a potion of magic
 j - 7 potions of enlightenment
 n - 3 potions of curing
 p - a potion of mutation


   Skills:
 * Level 2.6 Fighting
 + Level 2.9 Dodging
 + Level 2.9 Stealth
 + Level 2.5 Spellcasting
 + Level 2.2 Conjurations
 + Level 3.4 Fire Magic
 * Level 2.7 Shapeshifting


You had 7 spell levels left.
You knew the following spells:

 Your Spells              Type           Power      Damage    Failure   Level
a - Foxfire               Conj/Fire      100%       2x1d9     1%          1
b - Scorch                Fire           62%        2d7       1%          2

Your spell library contained the following spells:

 Spells                   Type           Power      Damage    Failure   Level
 Shock                    Conj/Air       52%        1d6       2%          1
 Inner Flame              Hex/Fire       17%        N/A       6%          3
 Volatile Blastmotes      Fire/Tloc      34%        2d12      6%          3
 Swiftness                Air            4%         N/A       13%         3
 Flame Wave               Conj/Fire      26%        2d8       13%         4
 Airstrike                Air            2%         2d(1-17)  38%         4
 Leda's Liquefaction      Hex/Erth       2%         N/A       38%         4
 Lee's Rapid Deconstruct  Erth           2%         3d4*      71%         5
 Bombard                  Conj/Erth      6%         9d2       98%         6


Dungeon Overview and Level Annotations

Branches:
Dungeon (4/15)              Sewer (visited)
 Temple: D:4-7

Annotations:
D:4 Duvessa


Innate Abilities, Weirdness & Mutations

You are a hulking beast.
Your limbs bulge with bestial killing power. (Slay +1)
You have an increased reservoir of magic. (+10% MP)
You shall have no god before yourself.
Your divine heritage dramatically boosts your attributes as you level up.


Message History

Confirm with . or Enter, or press ? or * to list all spells.
You feel a surge of power!
Flames lash Duvessa but do no damage.
Duvessa hits you with a +2 short sword of protection.
Casting: Scorch (safe; 1% risk of failure)
Confirm with . or Enter, or press ? or * to list all spells.
You feel a surge of power!
Flames lash Duvessa.
Duvessa is burned terribly!
Duvessa is almost dead.
Duvessa hits you with a +2 short sword of protection.
Casting: Scorch (safe; 1% risk of failure)
Confirm with . or Enter, or press ? or * to list all spells.
You feel a surge of power!
Flames lash Duvessa but do no damage.
Casting: Scorch (safe; 1% risk of failure)
Confirm with . or Enter, or press ? or * to list all spells.
You feel a surge of power!
Flames lash Duvessa but do no damage.
You flicker back into view.
Duvessa hits you with a +2 short sword of protection.
Casting: Scorch (safe; 1% risk of failure)
Confirm with . or Enter, or press ? or * to list all spells.
You feel a surge of power!
Flames lash Duvessa but do no damage.
Duvessa hits you with a +2 short sword of protection!
Casting: Scorch (safe; 1% risk of failure)
Confirm with . or Enter, or press ? or * to list all spells.
You feel a surge of power!
Flames lash Duvessa but do no damage.
Duvessa hits you with a +2 short sword of protection!
* * * LOW HITPOINT WARNING * * *
Duvessa hits you with a +2 short sword of protection.
* * * LOW HITPOINT WARNING * * *
Aiming: Paralyse
Press: ? - help, Shift-Dir - straight line, f - Duvessa
Aim: Duvessa, wielding a +2 short sword of protection and wearing a +0 chain mail (almost dead, berserk, more vulnerable to fire, chance to affect: 31%) Duvessa easily resists.
Duvessa is no longer more vulnerable to fire.
Duvessa closely misses you.
You feel better. Duvessa closely misses you.
Duvessa hits you with a +2 short sword of protection!
* * * LOW HITPOINT WARNING * * *
You hit Duvessa but do no damage.
Duvessa is almost dead.
Duvessa hits you with a +2 short sword of protection!
You die...

.##...##'##..####..)'.##'##
.##...#.).#.....#####.#.)# ......
###...#...##'#........#.)# ..#..
# #...##)##.)#'##..#'###'##....#
###....#..#..#(.####†)#..)#...#
#..#..#..####..#..#..#...#...###
##.....#..+P.#))'..########......
#......####..##'####.............
#...#.........).h))..............
...........##...e..)..)...†#....|
.......#######.........(..## ....
#.#.#### ##..........## ..e ..#.#
##.######### o. .##.# #.# . .##.#
#.# .##.######## #.#
.##........#####.#


You could see Duvessa (berserk).

Vanquished Creatures
  A scorpion (D:4)
  Dowan (D:4)
  A hound (D:4)
  An orc priest (D:4)
  An iguana (D:4)
  4 gnolls (D:4)
  12 adders
  4 river rats (Sewer)
  2 worms
  2 dart slugs
  9 orcs
  3 ball pythons
  3 endoplasms
  6 giant cockroaches
  15 goblins
  11 hobgoblins
  7 jackals
  7 quokkas
  9 bats
  4 frilled lizards
  16 kobolds
  5 rats
  A spectral hobgoblin (D:2)
125 creatures vanquished.

Vanquished Creatures (others)
  An orc priest (D:4)
  242 foxfires
243 creatures vanquished.

Grand Total: 368 creatures vanquished

Notes
Turn   | Place    | Note
-------+----------+-------------------------------------------
     0 | D:1      | croobank the Demigod Fire Elementalist began the quest for
                  | the Orb.
     0 | D:1      | Reached XP level 1. HP: 14/14 MP: 5/5
   188 | D:1      | Reached skill level 1 in Conjurations
   457 | D:1      | Reached XP level 2. HP: 20/20 MP: 2/7
   621 | D:1      | Learned a level 2 spell: Scorch
  1197 | D:2      | Reached skill level 1 in Shapeshifting
  1197 | D:2      | Reached XP level 3. HP: 27/27 MP: 4/8
  2075 | D:2      | Reached skill level 3 in Fire Magic
  2331 | D:3      | Reached skill level 1 in Fighting
  2344 | D:3      | Reached XP level 4. HP: 35/35 MP: 1/9
  2537 | D:3      | Found a glowing drain.
  2544 | Sewer    | Entered a sewer
  3059 | Sewer    | Reached XP level 5. HP: 19/40 MP: 2/11
  4218 | D:3      | Identified the +3 plate armour of Fun and Games {-Cast Fly
                  | Regen+ rCorr}
  4711 | D:4      | Reached XP level 6. HP: 48/48 MP: 8/12
  5508 | D:4      | Noticed Duvessa
  5508 | D:4      | Noticed Dowan
  5532 | D:4      | Killed Dowan
  5555 | D:4      | Mangled by Duvessa

Illustrated notes

Levels and vault maps discovered:
D:1:      spicycebolla_arrival_xxxplode, layout_basic
D:2:      layout_basic, dreamdust_ecumenical_altar_drowned_temple,
          serial_rivers, chequers_serial_rivers_room_a,
          chequers_serial_rivers_small_3, chequers_serial_rivers_large_a,
          chequers_serial_rivers_room_b, chequers_serial_rivers_micro_d,
          hangedman_feature_mirror, minmay_pentomino_pile
D:3:      layout_basic, mainiacjoe_overflow_chevrons, gup_sewer_entry_spiral
D:4:      corexii_shantytown, layout_rooms, uniq_duvessa

Skill      XL: |  1  2  3  4  5 |
---------------+----------------+-----
Conjurations   | 1 2 |  2.2
Stealth        | 2 |  2.9
Dodging        | 2 |  2.9
Shapeshifting  | 1 2 |  2.7
Spellcasting   | 2 |  2.5
Fire Magic     | 3 |  3.4
Fighting       | 1 2 |  2.6

Action                     |  1- 3 |  4- 6 || total
---------------------------+-------+-------++-------
  Melee: Unarmed           |    22 |       ||    22
         Dagger            |    25 |    70 ||    95
   Cast: Foxfire           |    50 |    90 ||   140
         Scorch            |    13 |    71 ||    84
  Evoke: Wand              |       |     1 ||     1
    Use: Scroll            |     6 |     3 ||     9
         Potion            |       |     7 ||     7
   Stab: Sleeping          |       |     3 ||     3
         Invisible         |       |     1 ||     1
 Armour: Robe              |    26 |    81 ||   107
  Dodge: Dodged            |    32 |    98 ||   130
   Form: Beast             |     1 |       ||     1

Table legend: (Time is in decaauts)
 A = Elapsed time spent in this place.
 B = Non-inter-level travel time spent in this place.
 C = Inter-level travel time spent in this place.
 D = Time resting spent in this place.
 E = Time spent auto-exploring this place.
 F = Levels seen in this place.
 G = Mean time per level.
                   A        B        C        D        E       F      G
               +--------+--------+--------+--------+--------+-----+--------+
         Total |   5766 |   5627 |    139 |    830 |   3813 |   5 | 1153.2 |
       Dungeon |   4539 |   4400 |    139 |    467 |   3128 |   4 | 1134.8 |
         Sewer |   1227 |   1227 |      0 |    363 |    685 |   1 | 1227.0 |
               +--------+--------+--------+--------+--------+-----+--------+

Top non-repeatable levels by time:
     D:2: 1375 daAuts
   Sewer: 1227 daAuts
     D:3: 1135 daAuts
     D:4: 1115 daAuts
     D:1: 913 daAuts
